Map: New Gettysburg LE

Players

Amix

  • Race: Zerg Zerg
  • League: Platinum
  • Spawn Location: 5:00

AlphaKevin - Winner!

  • Race: Protoss Protoss
  • League: Diamond
  • Spawn Location: 7:00

VOD

Have the link to the VOD?

Description

Time

  • Played on: Nov. 12, 2016, 5:55 p.m.
  • Length: 13:20
Show
View Real Time Build Order
Export as new Build Order

Amix Zerg 

Build Orders: Hatch First 

Get SALT Encoding   

  12  0:01  Drone  
  13  0:13  Overlord  
  13  0:19  Drone  
  14  0:31  Drone x2  
  14  0:35  Drone  
  17  0:55  Hatchery  
  17  0:57  Drone  
  17  1:01  Extractor  
  17  1:02  Drone  
  17  1:17  Spawning Pool  
  16  1:30  Drone x2  
  18  1:34  Drone  
  19  1:42  Drone  
  20  1:51  Drone  
  21  2:02  Drone  
  21  2:06  Queen  
  21  2:08  Queen  
  26  2:13  Overlord  
  27  2:22  Zergling x2  
  27  2:23  Zergling x2  
  27  2:27  Metabolic Boost  
  28  2:31  Drone  
  28  2:32  Drone  
  30  2:43  Zergling x4  
  32  2:48  Lair  
  32  2:53  Spine Crawler  
  32  2:55  Drone  
  33  2:58  Drone  
  33  3:08  Drone  
  33  3:09  Drone x2  
  36  3:27  Overlord x3  
  36  3:47  Extractor  
  36  3:48  Extractor  
  34  3:49  Extractor  
  34  3:52  Queen  
  34  3:53  Hatchery  
  34  3:56  Drone  
  34  3:57  Drone, Roach Warren  
  35  4:03  Overseer  
  35  4:05  Drone x2  
  37  4:12  Drone  
  37  4:13  Drone x2  
  40  4:27  Queen  
  42  4:31  Drone x4  
  40  4:55  Spore Crawler  
  40  4:59  Spore Crawler, Queen  
  38  5:01  Drone x2  
  42  5:13  Spore Crawler  
  41  5:15  Drone x4  
  45  5:21  Drone x2  
  45  5:26  Drone x2  
  49  5:28  Drone  
  50  5:48  Drone x6  
  50  5:49  Drone x2  
  58  5:53  Glial Reconstitution  
  56  6:08  Nydus Network  
  56  6:10  Roach x4  
  56  6:11  Roach  
  65  6:14  Overlord  
  65  6:17  Overlord  
  65  6:20  Overlord  
  65  6:41  Roach  
  65  6:42  Roach x7, Zergling x2  
  65  6:43  Zergling x2  
  83  6:53  Roach x2  
  87  7:00  Queen  
  89  7:07  Overlord x3  
  89  7:25  Queen  
  91  7:44  Nydus Canal  
  91  7:47  Roach x6, Zergling x2  
  91  7:48  Zergling x16  
  112  8:07  Overlord x2  
  112  8:08  Overlord  
  112  8:17  Nydus Canal  
  112  8:25  Queen x3  
  118  8:37  Nydus Canal  
  118  8:39  Roach  
  118  8:41  Overlord x7  
  120  8:48  Hydralisk Den  
  119  8:51  Overseer  
  119  8:52  Zergling x2  
  119  8:53  Zergling x2  
  121  9:01  Queen  
  123  9:04  Zergling x8  
  123  9:05  Zergling x4  
  97  10:09  Hydralisk x9  
  85  10:35  Hydralisk x2  
  85  10:36  Hydralisk x4  
  85  10:39  Queen x2  
  85  10:40  Queen  
  103  10:43  Drone x3  
  106  11:01  Roach x3  
  106  11:02  Roach x3  
  118  11:08  Evolution Chamber  
  118  11:09  Evolution Chamber  
  116  11:16  Drone x5  
  121  11:22  Roach x4  
  129  11:27  Muscular Augments  
  129  11:42  Spore Crawler  
  129  11:43  Spore Crawler, Extractor  
  129  11:46  Extractor  
  127  11:54  Roach  
  127  11:56  Hatchery, Zergling x2  
  127  12:02  Hatchery  
  126  12:10  Zergling x14  
  133  12:40  Roach  
  133  12:41  Roach x9  
  133  12:42  Roach x2  
Show
View Real Time Build Order
Export as new Build Order

AlphaKevin Protoss - Winner!

Build Orders: 1 Gate Expand, Oracle Opening 

Get SALT Encoding   

  12  0:01  Probe (Chrono Boost)  
  13  0:12  Probe (Chrono Boost)  
  14  0:19  Pylon  
  14  0:22  Probe (Chrono Boost)  
  15  0:39  Gateway  
  15  0:41  Probe (Chrono Boost)  
  16  0:50  Assimilator  
  16  0:51  Probe (Chrono Boost)  
  17  0:59  Assimilator  
  17  1:06  Probe (Chrono Boost)  
  18  1:17  Probe (Chrono Boost)  
  18  1:33  Nexus  
  18  1:43  Probe (Chrono Boost)  
  19  1:49  Cybernetics Core  
  19  1:58  Pylon  
  19  2:00  Probe (Chrono Boost)  
  20  2:10  Probe (Chrono Boost)  
  21  2:20  Pylon  
  21  2:21  Probe (Chrono Boost)  
  22  2:27  Stargate  
  22  2:31  Probe (Chrono Boost)  
  23  2:43  Probe (Chrono Boost)  
  24  2:47  Mothership Core (Chrono Boost)  
  24  2:48  Stalker  
  28  2:53  Probe (Chrono Boost)  
  29  3:00  Gateway  
  29  3:04  Probe (Chrono Boost)  
  31  3:05  Probe (Chrono Boost)  
  31  3:14  Probe (Chrono Boost)  
  31  3:16  Probe (Chrono Boost)  
  33  3:25  Stalker, Probe (Chrono Boost)  
  33  3:26  Probe (Chrono Boost)  
  37  3:34  Oracle (Chrono Boost)  
  40  3:42  Robotics Facility  
  40  3:44  Probe x2  
  42  3:49  Warp Gate  
  42  3:55  Adept  
  44  3:57  Adept  
  46  4:09  Pylon  
  46  4:15  Pylon  
  46  4:25  Probe  
  46  4:27  Oracle (Chrono Boost), Probe  
  46  4:29  Adept  
  53  4:33  Adept  
  53  4:36  Probe  
  56  4:39  Probe  
  57  5:06  Void Ray (Chrono Boost)  
  61  5:09  Probe  
  61  5:11  Pylon  
  62  5:15  Assimilator  
  62  5:17  Assimilator  
  62  5:26  Forge, Pylon  
  62  5:27  Forge, Probe  
  62  5:29  Pylon  
  62  5:30  Probe  
  64  5:38  Probe  
  64  5:39  Observer  
  66  6:00  Observer  
  66  6:01  Probe  
  66  6:02  Probe  
  63  6:08  Stalker x2  
  67  6:22  Protoss Ground Weapons Level 1 (Chrono Boost), Protoss Ground Armor Level 1 (Chrono Boost)  
  67  6:29  Void Ray  
  71  6:41  Twilight Council  
  71  6:47  Observer  
  72  7:08  Gateway x2  
  72  7:10  Gateway  
  72  7:13  Gateway  
  72  7:18  Blink  
  72  7:21  Stalker x2  
  76  7:30  Templar Archives  
  76  7:45  Nexus  
  76  7:48  Assimilator  
  76  7:51  Pylon  
  76  7:53  Pylon  
  76  7:56  Pylon  
  76  7:57  Assimilator  
  76  8:13  Stalker x2  
  76  8:15  Immortal  
  76  8:16  Void Ray  
  88  8:26  Stalker  
  90  8:27  Stalker x2  
  90  8:32  Probe x2  
  96  8:41  Protoss Ground Weapons Level 2 (Chrono Boost)  
  96  8:42  Psionic Storm  
  96  8:44  Probe  
  97  8:55  Immortal  
  101  9:07  Protoss Ground Armor Level 2  
  101  9:20  Zealot x6  
  101  9:22  Void Ray  
  112  9:42  Charge (Chrono Boost)  
  112  9:46  Zealot  
  112  9:47  Zealot  
  108  10:04  Probe  
  108  10:06  Probe x2  
  81  10:18  Probe  
  82  10:28  Probe  
  82  10:29  Probe  
  82  10:30  Probe  
  85  10:35  High Templar x2  
  85  10:36  High Templar x3  
  85  10:38  Probe  
  85  10:39  Immortal  
  85  10:41  Probe  
  101  10:49  Probe x2  
  102  10:55  Probe  
  104  11:20  Zealot  
  104  11:21  Zealot x3, Nexus  
  104  11:22  High Templar x2  
  104  11:24  Assimilator  
  116  11:28  Assimilator  
  116  11:32  Pylon  
  116  11:35  Pylon  
  116  11:38  Pylon  
  116  11:41  Probe  
  117  11:49  Pylon  
  117  11:50  Immortal, Probe, Pylon  
  117  11:51  Pylon  
  117  11:52  Void Ray, Pylon  
  117  11:54  Pylon  
  126  11:56  Zealot x3  
  126  11:57  Zealot x3  
  142  12:30  Immortal  
  142  12:33  Zealot x3  
  142  12:35  Void Ray  
  142  12:36  Zealot  
Tags
 
Add a new tag
Caveats
  • Supply blocks, unpowered buildings, or Contaminate may cause inaccurate times.
  • Supply counts are checked every 10 seconds.